[Event "Titled Tuesday Blitz December 14 2021"]
[White "Nikologorskiy, Konstantin"]
[Black "Dobrov, Vladimir"]
[WhiteFideId "24111708"]
[BlackFideId "4136594"]
[WhiteElo "2346"]
[BlackElo "2614"]
[Result "0-1"]
[Round "11"]
[TimeControl "180+1"]
[Date "2021.12.14"]
[WhiteClock "0:00:03"]
[BlackClock "0:00:18"]

1. d4 Nf6 2. c4 e6 3. Nf3 c5 4. g3 cxd4 5. Nxd4 Bb4+ 6. Bd2 Bc5 7. Bc3 Ne4 8. Bg2 Nxc3 9. Nxc3 Nc6 10. Nb3 Be7 11. c5 b6 12. Ne4 bxc5 13. Nd6+ Kf8 14. O-O Qc7 15. Nb5 Qb8 16. Bxc6 dxc6 17. Nc3 c4 18. Na5 Qxb2 19. Rc1 Qb6 20. Nxc4 Qc7 21. Rb1 h5 22. h4 Rh6 23. Qd4 Ba6 24. Ne5 Rd8 25. Qf4 Bd6 26. Rfd1 Rf6 27. Qe3 Kg8 28. f4 Rf5 29. Kh2 Re8 30. Ne4 Bxe5 31. fxe5 Rxe5 32. Qf4 Bxe2 33. Re1 Bg4 34. Rbc1 f6 35. Nf2 Re7 36. Nxg4 hxg4 37. Rxe5 Qxe5 38. Qxe5 fxe5 39. Rxc6 Kf7 40. Rc4 Rd7 41. Ra4 Kf6 42. Kg1 Kf5 43. Kf1 e4 44. Kf2 e5 45. Ke2 g6 46. Ra6 Rd3 47. Rxa7 Rxg3 48. Rf7+ Ke6 49. Rf2 Ra3 50. Rf8 g3 51. Rg8 Kf5 52. Rf8+ Kg4 53. Rh8 Rxa2+ 54. Ke3 g2 0-1


[Site "https://www.chess.com"]

[Event "Titled Tuesday Blitz December 14 2021"]
[White "Petrovskyi, Vadym"]
[Black "Ibarra Jerez, Jose Carlos"]
[WhiteFideId "14165210"]
[BlackFideId "2226332"]
[WhiteElo "2377"]
[BlackElo "2626"]
[Result "0-1"]
[Round "11"]
[TimeControl "180+1"]
[Date "2021.12.14"]
[WhiteClock "0:01:59"]
[BlackClock "0:01:22"]

1. e4 c5 2. Nf3 e6 3. d4 cxd4 4. Nxd4 Bc5 5. Nb3 Bb6 6. Nc3 Ne7 7. Bd3 O-O 8. O-O f5 9. Qe2 f4 10. e5 Nbc6 11. Qe4 Ng6 12. Nb5 Ncxe5 13. Nd6 Qh4 14. Nd4 Bc5 15. Nxc8 d5 16. Qe1 Bxd4 17. Nd6 f3 18. Bxg6 Qg4 0-1


[Site "https://www.chess.com"]

[Event "Titled Tuesday Blitz December 14 2021"]
[White "Pichot, Alan"]
[Black "Rakhmanov, Aleksandr"]
[WhiteFideId "110973"]
[BlackFideId "4173708"]
[WhiteElo "2629"]
[BlackElo "2500"]
[Result "0-1"]
[Round "11"]
[TimeControl "180+1"]
[Date "2021.12.14"]
[WhiteClock "0:00:05"]
[BlackClock "0:00:06"]

1. e4 c5 2. Nf3 Nf6 3. e5 Nd5 4. Nc3 Nxc3 5. dxc3 Nc6 6. Bf4 Qb6 7. Qc1 e6 8. Bd3 h6 9. h4 Be7 10. h5 Bf8 11. O-O Qc7 12. Re1 b6 13. Qd2 Bb7 14. Rad1 O-O-O 15. Be4 Be7 16. a3 Rdg8 17. Bg3 g6 18. Qf4 gxh5 19. Qxf7 h4 20. Nxh4 Bxh4 21. Bxh4 Nxe5 22. Qf4 d5 23. Bd3 Nxd3 24. Qxc7+ Kxc7 25. Rxd3 Rg6 26. Rde3 Kd7 27. Rf3 Rh7 28. Rf8 d4 29. Bg3 h5 30. Rf4 h4 31. Rxh4 Rxh4 32. Bxh4 Rxg2+ 33. Kf1 Rh2 34. Bg3 Rh1+ 35. Ke2 Ba6+ 36. Kd2 dxc3+ 37. bxc3 Rh7 38. Re4 Rf7 39. Ra4 Kc6 40. Re4 Rd7+ 41. Kc1 Re7 42. Bh4 Re8 43. Bg3 Bc8 44. Ra4 a5 45. Rh4 Rf8 46. Rh7 Bd7 47. Kd2 Rf5 48. Ke3 Rd5 49. Rh8 Rd1 50. Rb8 Ra1 51. Bh4 Rxa3 52. Kd2 b5 53. Bd8 c4 54. Rb6+ Kc5 55. Rb7 Kc6 56. Rb6+ Kc5 57. Ra6 b4 58. Be7+ Kb5 59. Ra7 bxc3+ 60. Ke3 Ra2 61. Rxd7 Rxc2 62. Rb7+ Ka4 63. Bf6 Rc1 64. Kd4 Rf1 65. Kxc4 c2 66. Bg5 c1=Q+ 67. Bxc1 Rxc1+ 68. Kd4 Rf1 69. Ke3 Re1+ 70. Kf4 Ka3 71. Rb6 a4 72. f3 Ka2 73. Kg5 a3 74. f4 Ka1 75. Rb4 a2 76. Kf6 Re2 77. Rb6 Re3 78. Kg5 Re4 79. Rb5 Re1 80. Rb6 Re2 81. Kf6 Re4 82. Kg5 Re3 83. Kf6 Re1 84. Kg5 e5 85. f5 Rg1+ 86. Kf6 e4 87. Re6 Kb2 88. Rb6+ Kc3 89. Rc6+ Kd4 90. Rd6+ 0-1


[Site "https://www.chess.com"]

[Event "Titled Tuesday Blitz December 14 2021"]
[White "Pranav, V"]
[Black "Vovk, Orest"]
[WhiteFideId "25060783"]
[BlackFideId "14113490"]
[WhiteElo "2351"]
[BlackElo "2203"]
[Result "1-0"]
[Round "11"]
[TimeControl "180+1"]
[Date "2021.12.14"]
[WhiteClock "0:01:42"]
[BlackClock "0:00:03"]

1. e4 g5 2. d4 h6 3. h4 g4 4. Qxg4 d5 5. Qe2 dxe4 6. Qxe4 Nf6 7. Qd3 Nc6 8. Nf3 Bg4 9. Ne5 Qxd4 10. Nxc6 Qxd3 11. Bxd3 bxc6 12. Nc3 Nd5 13. Bd2 Bg7 14. Na4 O-O-O 15. f3 Bd7 16. O-O-O Bd4 17. c3 Be3 18. Rhe1 Bf2 19. Re4 f5 20. Re2 Bxh4 21. Nc5 f4 22. Ba6+ Kb8 23. c4 Nb6 24. Bxf4 Bc8 25. Bxc8 Kxc8 26. Rxd8+ Kxd8 27. Re6 Bg5 28. Bxg5 hxg5 29. b3 Rh1+ 30. Kc2 Rh2 31. Re2 Kc8 32. Ne6 Rh5 33. Nd4 c5 34. Nf5 Kb7 35. Nxe7 g4 36. fxg4 Rg5 37. Re4 Nc8 38. Nf5 Nd6 39. Nxd6+ cxd6 40. Kd3 Kc6 41. Ke3 Rg8 42. Kf3 a5 43. Kf4 a4 44. g5 a3 45. Kg4 Rf8 46. Re2 d5 47. cxd5+ Kxd5 48. g6 Rf1 49. Kg5 Rb1 50. g7 Rb2 51. g8=Q+ Kd4 52. Qc4# 1-0


[Site "https://www.chess.com"]

[Event "Titled Tuesday Blitz December 14 2021"]
[White "Samsonkin, Artiom"]
[Black "Terry, Renato"]
[WhiteFideId "13503111"]
[BlackFideId "3803457"]
[WhiteElo "2513"]
[BlackElo "2577"]
[Result "0-1"]
[Round "11"]
[TimeControl "180+1"]
[Date "2021.12.14"]
[WhiteClock "0:00:02"]
[BlackClock "0:00:03"]

1. e4 e6 2. d4 d5 3. Nc3 Bb4 4. Ne2 dxe4 5. a3 Be7 6. g4 f5 7. Nf4 Nc6 8. Bb5 g6 9. gxf5 exf5 10. d5 a6 11. Ba4 b5 12. Nxb5 axb5 13. Bxb5 Rb8 14. Bxc6+ Kf8 15. Be3 Nf6 16. Qd4 Bd6 17. O-O-O Rb6 18. Qc3 Ra6 19. Ne6+ Bxe6 20. dxe6 Qe7 21. Bd4 Kg7 22. h4 h5 23. Bd7 Rf8 24. Rhg1 Kh7 25. Bb5 Raa8 26. Bc4 Ng4 27. Kb1 Rfb8 28. Bb3 Qxh4 29. Rxg4 Qxg4 30. Rd2 h4 31. Bf6 h3 32. Rxd6 Kh6 33. Rd7 h2 34. Qd2+ f4 35. Bg7+ Kh5 36. Qd5+ Qf5 37. Qd1+ Qg4 38. Rd5+ g5 39. e7 Qxd1+ 40. Rxd1 g4 41. Bf7+ Kh4 42. Bf6+ Kh3 43. Bd5 Ra6 44. Bxe4 Rxf6 45. Rd8 f3 46. Rxb8 h1=Q+ 47. Ka2 Re6 48. e8=Q Rxe8 49. Rxe8 Qe1 50. Bc6 Qxf2 51. Rh8+ Kg2 52. Rg8 g3 53. Rf8 Qe2 54. a4 Qc4+ 0-1


[Site "https://www.chess.com"]

[Event "Titled Tuesday Blitz December 14 2021"]
[White "Sarana, Alexey"]
[Black "Zubov, Alexander"]
[WhiteFideId "24133795"]
[BlackFideId "14109409"]
[WhiteElo "2672"]
[BlackElo "2685"]
[Result "1-0"]
[Round "11"]
[TimeControl "180+1"]
[Date "2021.12.14"]
[WhiteClock "0:00:26"]
[BlackClock "0:00:01"]

1. d4 Nf6 2. c4 e6 3. Nc3 Bb4 4. e3 d5 5. Bd3 c5 6. a3 Ba5 7. cxd5 cxd4 8. exd4 Nxd5 9. Ne2 O-O 10. O-O Bb6 11. Bc2 Nc6 12. Qd3 g6 13. Bh6 Re8 14. Rad1 Nxc3 15. bxc3 e5 16. d5 Bf5 17. Qd2 Bxc2 18. Qxc2 Na5 19. d6 Qh4 20. Be3 Bxe3 21. fxe3 Nc4 22. Rf3 Rad8 23. Qa4 Qe4 24. Ng3 Qc6 25. Qxc6 bxc6 26. Ne4 f5 27. Nf6+ Kf7 28. Nxe8 Kxe8 29. e4 f4 30. g3 g5 31. gxf4 exf4 32. Rh3 Rd7 33. Rh6 Kf8 34. h4 gxh4 35. Rxh4 f3 36. Rf4+ Kg7 37. Kf2 Rxd6 38. Rxd6 Nxd6 39. e5 Nf7 40. e6 Nd6 41. e7 1-0


[Site "https://www.chess.com"]

[Event "Titled Tuesday Blitz December 14 2021"]
[White "Sawlin, Leonid"]
[Black "Wagner, Dennis"]
[WhiteFideId "4689542"]
[BlackFideId "24650684"]
[WhiteElo "2412"]
[BlackElo "2355"]
[Result "0-1"]
[Round "11"]
[TimeControl "180+1"]
[Date "2021.12.14"]
[WhiteClock "0:00:54"]
[BlackClock "0:00:06"]

1. e4 c5 2. Nf3 d6 3. d4 cxd4 4. Nxd4 Nf6 5. Nc3 a6 6. Bg5 Nbd7 7. Bc4 Qb6 8. Qd2 Qxb2 9. Rb1 Qa3 10. O-O h6 11. Bxf6 Nxf6 12. Bd5 g6 13. Bxb7 Bxb7 14. Rxb7 Rc8 15. Nd5 Nxd5 16. exd5 Bg7 17. Nc6 Bf6 18. Re1 O-O 19. c4 e5 20. Rb6 Bg5 21. Qc2 Rfe8 22. Reb1 e4 23. R1b3 Qc5 24. Rxa6 e3 25. fxe3 Bxe3+ 26. Kf1 Bd2 27. Rb1 Qe3 28. Qd1 Qd3+ 29. Kf2 Re1 30. Qxe1 Bxe1+ 31. Rxe1 Qxc4 32. Ra7 Rxc6 33. dxc6 Qc5+ 34. Kf1 Qxa7 35. Rc1 Qc7 36. Ke2 Kf8 37. Kd3 d5 38. Kd4 Qf4+ 39. Kxd5 Qxc1 40. Kd6 Ke8 41. c7 Qc4 42. g3 f5 43. h3 g5 44. a4 Qd4+ 45. Ke6 Qb6+ 46. Kxf5 Qxc7 47. g4 Kf7 48. Ke4 Qa5 0-1


[Site "https://www.chess.com"]

[Event "Titled Tuesday Blitz December 14 2021"]
[White "Saxar85"]
[Black "Babazada, Khazar"]
[BlackFideId "13413554"]
[WhiteElo "2745"]
[BlackElo "2302"]
[Result "1-0"]
[Round "11"]
[TimeControl "180+1"]
[Date "2021.12.14"]
[WhiteClock "0:00:56"]
[BlackClock "0:00:56"]

1. Nf3 Nf6 2. g3 g6 3. b3 Bg7 4. Bb2 O-O 5. Bg2 b6 6. O-O Bb7 7. c4 d6 8. d4 Nbd7 9. Nc3 Ne4 10. Rc1 Re8 11. d5 Nxc3 12. Bxc3 Bxc3 13. Rxc3 e5 14. Nd2 f5 15. b4 a5 16. a3 axb4 17. axb4 Qf6 18. Nb3 Ra3 19. Qc1 Rea8 20. c5 bxc5 21. bxc5 Nf8 22. c6 Bc8 23. Nd2 R3a4 24. Rc4 R4a5 25. Rb4 g5 26. Qb1 Ba6 27. Re1 Qd8 28. Qxf5 Ng6 29. Ne4 Bc8 30. Qxg5 Qf8 31. h4 Kh8 32. h5 Ne7 33. Qf6+ Qxf6 34. Nxf6 Kg7 35. Ne8+ Kf8 36. Nxc7 R8a7 37. Nb5 Ra1 38. Rxa1 Rxa1+ 39. Kh2 1-0


[Site "https://www.chess.com"]

[Event "Titled Tuesday Blitz December 14 2021"]
[White "Shkapenko, Pavel"]
[Black "Keymer, Vincent"]
[WhiteFideId "4151933"]
[BlackFideId "12940690"]
[WhiteElo "2386"]
[BlackElo "2557"]
[Result "1-0"]
[Round "11"]
[TimeControl "180+1"]
[Date "2021.12.14"]
[WhiteClock "0:00:05"]
[BlackClock "0:00:17"]

1. e4 c6 2. d4 d5 3. e5 Bf5 4. h4 h6 5. g4 Be4 6. f3 Bh7 7. e6 Nf6 8. exf7+ Kxf7 9. Bd3 Qd6 10. Ne2 Nbd7 11. Bxh7 Rxh7 12. Bf4 e5 13. dxe5 Nxe5 14. O-O Re8 15. Nd2 g5 16. Bg3 gxh4 17. Bxh4 Ng6 18. Bg3 Qb4 19. c3 Qb6+ 20. Bf2 Bc5 21. Nd4 Nf4 22. N2b3 Nh3+ 23. Kg2 Nxf2 24. Rxf2 Bf8 25. Re2 Qc7 26. Rxe8 Kxe8 27. Qd3 Qf7 28. Qf5 Nd7 29. Re1+ Be7 30. Na5 Qxf5 31. Nxf5 Nc5 32. Re3 Kf8 33. b4 Na4 34. a3 Bd8 35. Nb3 Nb6 36. Nbd4 Nc4 37. Ne6+ Ke8 38. Re2 Be7 39. a4 Kd7 40. f4 Bd6 41. Kf3 Kc8 42. Ned4 Bf8 43. Re8+ Kd7 44. Rxf8 h5 45. g5 h4 46. g6 Rh8 47. Rxh8 Nd2+ 48. Kg4 Ne4 49. g7 h3 50. Kxh3 Nf6 51. g8=Q Nxg8 52. Rxg8 c5 53. Rg7+ Ke8 54. bxc5 b6 55. cxb6 axb6 56. Re7+ Kf8 57. Ne6+ Kg8 58. Rg7+ Kh8 59. Rb7 d4 60. cxd4 b5 61. d5 bxa4 62. d6 a3 63. Re7 a2 64. d7 a1=Q 65. d8=Q# 1-0


[Site "https://www.chess.com"]

[Event "Titled Tuesday Blitz December 14 2021"]
[White "Supatashvili, Khvicha"]
[Black "Makhnev, Denis"]
[WhiteFideId "13600664"]
[BlackFideId "13707647"]
[WhiteElo "2699"]
[BlackElo "2491"]
[Result "1-0"]
[Round "11"]
[TimeControl "180+1"]
[Date "2021.12.14"]
[WhiteClock "0:00:06"]
[BlackClock "0:00:06"]

1. d4 Nf6 2. c4 e6 3. Nf3 b6 4. e3 Bb7 5. Bd3 d5 6. cxd5 exd5 7. b3 Bd6 8. Ba3 O-O 9. O-O c5 10. Nc3 Nbd7 11. Rc1 a6 12. Ne2 Rc8 13. Ng3 Re8 14. Qe2 Bf8 15. Bb2 a5 16. Bb5 Re6 17. Rfd1 g6 18. Ne5 cxd4 19. Nxd7 Nxd7 20. Bxd7 Qxd7 21. Bxd4 Rec6 22. Rxc6 Qxc6 23. h4 b5 24. Qf3 b4 25. h5 Qe6 26. Qf4 Ba6 27. Ba1 Rc2 28. e4 d4 29. Bxd4 Rxa2 30. Qb8 Bc8 31. Rc1 Bd7 32. Rc7 Qd6 33. Bc5 Qxc7 34. Qxc7 Rc2 35. Qxd7 Rxc5 36. Qd8 a4 37. bxa4 b3 38. Qb8 Rc3 39. e5 Rd3 40. Ne4 h6 41. Nf6+ Kg7 42. Ne8+ Kg8 43. Nd6 f6 44. Qb5 Rd1+ 45. Kh2 Rb1 46. Qd5+ Kh8 47. Qf7 Bxd6 48. hxg6 Bxe5+ 49. g3 f5 50. Qh7# 1-0


[Site "https://www.chess.com"]

[Event "Titled Tuesday Blitz December 14 2021"]
[White "Svane, Frederik"]
[Black "Chigaev, Maksim"]
[WhiteFideId "12923044"]
[BlackFideId "4108116"]
[WhiteElo "2459"]
[BlackElo "2546"]
[Result "0-1"]
[Round "11"]
[TimeControl "180+1"]
[Date "2021.12.14"]
[WhiteClock "0:00:02"]
[BlackClock "0:00:16"]

1. e4 e6 2. d4 d5 3. Nd2 c5 4. exd5 Qxd5 5. Ngf3 cxd4 6. Bc4 Qd7 7. O-O Nc6 8. Nb3 Nf6 9. Nbxd4 Nxd4 10. Nxd4 a6 11. Re1 b5 12. Be2 Bb7 13. Bf3 Rd8 14. Bxb7 Qxb7 15. Qf3 Qxf3 16. Nxf3 b4 17. a3 bxa3 18. b3 Bb4 19. Rf1 a5 20. Bxa3 O-O 21. Bb2 Rc8 22. Rfc1 Ne4 23. Bd4 Nc3 24. Bxc3 Rxc3 25. Ne5 Rd8 26. Nd3 h5 27. Kf1 Rd5 28. Ke2 g5 29. h3 h4 30. f3 Kg7 31. Kf1 f5 32. Re1 Rcxd3 33. cxd3 Bxe1 34. Rxe1 Kf6 35. Rd1 Rd4 36. Ke2 Ke5 37. Ra1 Kf4 38. Rxa5 Kg3 39. Re5 Kxg2 40. Rxe6 Kxh3 41. Kf2 Rxd3 42. Rf6 g4 43. Rxf5 g3+ 44. Ke2 Rxb3 45. Rg5 Kh2 46. Rg4 h3 47. f4 g2 48. Kf2 Rb2+ 49. Kf3 g1=Q 50. f5 Qxg4+ 51. Kxg4 Rf2 52. f6 Rxf6 0-1


[Site "https://www.chess.com"]

[Event "Titled Tuesday Blitz December 14 2021"]
[White "Sviridov, Valery"]
[Black "Lazavik, Denis"]
[WhiteFideId "4120680"]
[BlackFideId "13515110"]
[WhiteElo "2454"]
[BlackElo "2436"]
[Result "1-0"]
[Round "11"]
[TimeControl "180+1"]
[Date "2021.12.14"]
[WhiteClock "0:00:11"]
[BlackClock "0:00:11"]

1. Nf3 d5 2. g3 c6 3. Bg2 Bf5 4. O-O e6 5. c4 dxc4 6. Na3 Bxa3 7. bxa3 Nf6 8. Bb2 O-O 9. Rc1 b5 10. Nd4 Be4 11. f3 Bg6 12. a4 e5 13. Nc2 Nbd7 14. Ne3 Re8 15. Kh1 Nc5 16. axb5 cxb5 17. d3 Na4 18. Nxc4 bxc4 19. Qxa4 cxd3 20. exd3 Qxd3 21. Rfe1 e4 22. Bxf6 gxf6 23. Rcd1 Qc3 24. fxe4 Re5 25. Rf1 Kg7 26. Rc1 Qe3 27. Qc6 Rae8 28. Qxf6+ Kg8 29. Rc7 R5e6 30. Qf2 Qxf2 31. Rxf2 Ra6 32. Bf1 Ra3 33. Bc4 Bxe4+ 34. Kg1 Bg6 35. Bxf7+ Bxf7 36. Rfxf7 Rxa2 37. Rg7+ Kh8 38. Rxh7+ Kg8 39. Rcg7+ Kf8 40. Rf7+ Kg8 41. Re7 Rb8 42. Reg7+ Kf8 43. Rb7 Rxb7 44. Rxb7 a5 45. h4 a4 46. Kh1 a3 47. Ra7 Kg8 48. g4 Kf8 49. h5 Rf2 50. Rxa3 Rf4 51. Rg3 Kg7 52. Kh2 Kh6 53. Kh3 Kg5 54. Ra3 Rf1 55. Ra5+ Kh6 56. Kg2 Rb1 57. Rf5 Rb4 58. Kg3 Rb1 59. Rf6+ Kg7 60. Rc6 Rg1+ 61. Kh4 Rb1 62. Rc5 Rb6 63. Kg5 Rb7 64. Ra5 Kh7 65. Rd5 Rf7 66. Rf5 Rg7+ 67. Kf4 Rb7 68. Re5 Rf7+ 69. Ke4 Rb7 70. g5 Rc7 71. Kf5 Rf7+ 72. Ke6 Rb7 73. Kf6 Rb6+ 74. Re6 Rb8 75. Re7+ Kh8 76. h6 Rb6+ 77. Kf7 Kh7 78. Kf8+ Kh8 79. Kf7 Kh7 80. Re6 Rb7+ 81. Kf6 Rb8 82. Re7+ Kh8 83. g6 Rb6+ 84. Re6 Rb8 85. Rd6 Kg8 86. Ke7 Rb7+ 87. Rd7 Rb8 88. Rd8+ Rxd8 89. Kxd8 Kh8 90. Ke7 Kg8 91. h7+ Kh8 92. Ke6 Kg7 93. Ke7 Kh8 94. Ke6 Kg7 95. Kf5 Kh8 96. Kg5 Kg7 97. h8=Q+ Kxh8 98. Kh6 Kg8 99. g7 Kf7 100. Kh7 1-0


[Site "https://www.chess.com"]

[Event "Titled Tuesday Blitz December 14 2021"]
[White "Tari, Aryan"]
[Black "Fawzy, Adham"]
[WhiteFideId "1510045"]
[BlackFideId "10613129"]
[WhiteElo "2656"]
[BlackElo "2508"]
[Result "1-0"]
[Round "11"]
[TimeControl "180+1"]
[Date "2021.12.14"]
[WhiteClock "0:00:52"]
[BlackClock "0:00:02"]

1. e4 c5 2. Nc3 Nc6 3. f4 g6 4. Nf3 Bg7 5. Bb5 Nd4 6. O-O e6 7. e5 a6 8. Bd3 d5 9. Nxd4 cxd4 10. Ne2 Ne7 11. b3 f6 12. Ba3 O-O 13. Bd6 fxe5 14. fxe5 Rxf1+ 15. Qxf1 Nc6 16. Qf4 Bd7 17. Rf1 Be8 18. h4 b5 19. Kh2 Ra7 20. Qg3 Rf7 21. Rf3 Rxf3 22. gxf3 Bf7 23. f4 Bf8 24. Bxf8 Qxf8 25. Ng1 Qe7 26. Nf3 Kf8 27. h5 gxh5 28. Bxh7 Ke8 29. Bd3 Kd7 30. Ng5 Bg8 31. f5 exf5 32. Bxf5+ Kc7 33. Nf3 Be6 34. Bxe6 Qxe6 35. Qg7+ Kd8 36. Kg3 Qf5 37. Qf6+ Qxf6 38. exf6 Kd7 39. Ng5 1-0


[Site "https://www.chess.com"]

[Event "Titled Tuesday Blitz December 14 2021"]
[White "Timofeev, Artyom"]
[Black "Alikhanov, Felix"]
[WhiteFideId "4140419"]
[BlackFideId "4157427"]
[WhiteElo "2628"]
[BlackElo "2425"]
[Result "1-0"]
[Round "11"]
[TimeControl "180+1"]
[Date "2021.12.14"]
[WhiteClock "0:00:06"]
[BlackClock "0:00:07"]

1. c4 Nf6 2. Nc3 g6 3. g3 Bg7 4. Bg2 O-O 5. d3 d6 6. Nf3 e5 7. O-O c6 8. Bd2 h6 9. Qc1 Kh7 10. b4 a5 11. b5 Be6 12. bxc6 bxc6 13. Ne4 Nxe4 14. dxe4 c5 15. e3 Nd7 16. Rd1 Nb6 17. Bf1 Qc7 18. Rb1 Qc6 19. Be1 Rfb8 20. Nd2 a4 21. a3 Rb7 22. Qc2 Rab8 23. Rb5 Qc7 24. Rdb1 Bd7 25. R5b2 Bc6 26. Bd3 Bf6 27. Qc3 Bd8 28. Bc2 Qd7 29. Qd3 Qe6 30. Kg2 h5 31. Kg1 h4 32. f3 Kg7 33. gxh4 Bc7 34. Bg3 Rh8 35. Bd1 Bd8 36. Be2 Qd7 37. Nf1 Na8 38. Rxb7 Bxb7 39. f4 exf4 40. exf4 Bc6 41. Ne3 Nc7 42. Bg4 Qe7 43. e5 dxe5 44. fxe5 Ne6 45. Nd5 Qd7 46. Rf1 Bxh4 47. Qf3 Bd8 48. Qe4 Qe8 49. Qe3 Nd4 50. Nf6 Bxf6 51. exf6+ Kg8 52. Qxe8+ Bxe8 53. Bd6 Rh4 54. h3 Nf5 55. Bxc5 Bd7 56. Re1 Be6 57. Bf2 Rh8 58. c5 Kh7 59. c6 Rc8 60. Bf3 g5 61. Rb1 Kg6 62. Bb6 Kxf6 63. c7 Ne7 64. Bb7 Rg8 65. Bd4+ Kg6 66. Re1 Nc8 67. Bc5 Kf5 68. Kg2 Kg6 69. Kg3 Rh8 70. Rh1 f5 71. Bg2 f4+ 72. Kf2 Kf5 73. Re1 Re8 74. Bd4 Bd7 75. Rxe8 Bxe8 76. Bf3 Ke6 77. Bg4+ Kd5 78. Bxc8 Kxd4 79. Bf5 Ke5 80. c8=Q 1-0


[Site "https://www.chess.com"]

[Event "Titled Tuesday Blitz December 14 2021"]
[White "Urazayev, Arystanbek"]
[Black "Matinian, Nikita"]
[WhiteFideId "13709810"]
[BlackFideId "24129100"]
[WhiteElo "2321"]
[BlackElo "2422"]
[Result "1-0"]
[Round "11"]
[TimeControl "180+1"]
[Date "2021.12.14"]
[WhiteClock "0:01:27"]
[BlackClock "0:00:08"]

1. d4 Nf6 2. c4 g6 3. Nc3 Bg7 4. e4 O-O 5. Be2 d6 6. h4 e5 7. d5 h5 8. Nf3 Na6 9. Ng5 Nc5 10. Be3 a5 11. f3 c6 12. Qd2 cxd5 13. Bxc5 dxc5 14. cxd5 a4 15. d6 a3 16. b3 Bd7 17. Bb5 Bxb5 18. Nxb5 Ra6 19. Rd1 Qd7 20. Qd3 Rd8 21. Ke2 Bf8 22. Qc4 Nh7 23. Nxh7 Kxh7 24. Rd5 Rb6 25. Rxc5 Bxd6 26. Rd1 Qe7 27. Rcd5 Bc7 28. Qxc7 1-0


[Site "https://www.chess.com"]

[Event "Titled Tuesday Blitz December 14 2021"]
[White "VesePower"]
[Black "Kislov, Oleg"]
[BlackFideId "13503774"]
[WhiteElo "2751"]
[BlackElo "2252"]
[Result "1-0"]
[Round "11"]
[TimeControl "180+1"]
[Date "2021.12.14"]
[WhiteClock "0:00:26"]
[BlackClock "0:00:42"]

1. e4 e6 2. d4 d5 3. Nd2 Nf6 4. e5 Nfd7 5. f4 c5 6. Ngf3 cxd4 7. Nb3 Nc6 8. Nbxd4 Nxd4 9. Nxd4 Bc5 10. c3 Qb6 11. Be2 Nb8 12. Rf1 Nc6 13. Nb3 Be7 14. Qd3 Bd7 15. Be3 Qc7 16. Nd4 Nxd4 17. Bxd4 a6 18. a4 g6 19. Kf2 O-O 20. Kg1 b5 21. a5 b4 22. Rf3 Bb5 23. Qd2 Bxe2 24. Qxe2 Bc5 25. h4 Rfc8 26. h5 bxc3 27. bxc3 Qa7 28. Qf2 Rab8 29. Kh2 Bxd4 30. cxd4 Rc4 31. Rd1 Rbb4 32. h6 Rxd4 33. Rfd3 1-0


[Site "https://www.chess.com"]

[Event "Titled Tuesday Blitz December 14 2021"]
[White "Vokhidov, Shamsiddin"]
[Black "Dubov, Daniil"]
[WhiteFideId "14204223"]
[BlackFideId "24126055"]
[WhiteElo "2613"]
[BlackElo "2749"]
[Result "0-1"]
[Round "11"]
[TimeControl "180+1"]
[Date "2021.12.14"]
[WhiteClock "0:00:10"]
[BlackClock "0:00:25"]

1. e4 Nc6 2. Nf3 d5 3. exd5 Qxd5 4. Nc3 Qh5 5. h3 Bg4 6. Be2 O-O-O 7. O-O Bxf3 8. Bxf3 Qg6 9. d3 f5 10. Re1 Nd4 11. Be3 Nxf3+ 12. Qxf3 a6 13. Bf4 e6 14. Re2 Bd6 15. Rae1 Bxf4 16. Qxf4 Rd6 17. Qc4 Kd7 18. Na4 b6 19. Qxa6 Ne7 20. Qb5+ Nc6 21. c3 Ra8 22. b4 f4 23. Re4 Qf5 24. Nxb6+ cxb6 25. Qxb6 Nd8 26. Qc5 Qxc5 27. bxc5 Rxd3 28. Rxf4 Rxa2 29. Rh4 h6 30. Rg4 g5 31. h4 Rd5 32. hxg5 hxg5 33. Rd4 Rxd4 34. cxd4 Nc6 35. Rd1 Ne7 36. Rd3 Ra4 37. Rg3 Rxd4 38. Rxg5 Rd5 39. Rg4 Rxc5 40. Rd4+ Rd5 41. Ra4 Kd6 42. g3 Rd2 43. Kg2 Nd5 44. Ra6+ Ke5 45. Ra5 Rb2 46. Kf3 Rb3+ 47. Kg4 Rb2 48. f4+ Kf6 49. Ra6 Rb3 50. Kh4 Ne3 51. Kh5 Rb8 0-1


[Site "https://www.chess.com"]

[Event "Titled Tuesday Blitz December 14 2021"]
[White "Weetik, Vjacheslav"]
[Black "Kamsky, Gata"]
[WhiteFideId "4153472"]
[BlackFideId "2000024"]
[WhiteElo "2469"]
[BlackElo "2645"]
[Result "1-0"]
[Round "11"]
[TimeControl "180+1"]
[Date "2021.12.14"]
[WhiteClock "0:00:07"]
[BlackClock "0:00:02"]

1. d4 f5 2. g3 Nf6 3. Bg2 g6 4. c3 Bg7 5. Qb3 Nc6 6. Nd2 d6 7. Ngf3 e5 8. dxe5 dxe5 9. Nc4 Qe7 10. O-O Rb8 11. Qc2 O-O 12. a4 e4 13. Nd4 Nxd4 14. cxd4 Nd5 15. e3 Be6 16. b3 c5 17. Ba3 b6 18. Rad1 Rfd8 19. f3 exf3 20. Bxf3 Qg5 21. Qf2 f4 22. exf4 Nxf4 23. Kh1 Nh3 24. Qg2 cxd4 25. Rde1 Bg4 26. Be7 Qh5 27. Bxg4 Qxg4 28. Bxd8 Rxd8 29. Re4 Qd7 30. Rfe1 1-0


[Site "https://www.chess.com"]

[Event "Titled Tuesday Blitz December 14 2021"]
[White "Zhigalko, Sergei"]
[Black "Artemiev, Vladislav"]
[WhiteFideId "13502956"]
[BlackFideId "24101605"]
[WhiteElo "2662"]
[BlackElo "2830"]
[Result "0-1"]
[Round "11"]
[TimeControl "180+1"]
[Date "2021.12.14"]
[WhiteClock "0:00:03"]
[BlackClock "0:00:45"]

1. e4 e5 2. Nf3 Nc6 3. Bb5 a6 4. Ba4 d6 5. O-O Bd7 6. c3 g6 7. d4 Bg7 8. Bg5 Nf6 9. dxe5 Nxe5 10. Nxe5 dxe5 11. Na3 Bxa4 12. Qxa4+ b5 13. Qb3 O-O 14. Nc2 c6 15. Rfd1 Qc7 16. Bxf6 Bxf6 17. a4 Be7 18. Nb4 Kg7 19. Nd3 Rfd8 20. axb5 axb5 21. Rxa8 Rxa8 22. c4 bxc4 23. Qxc4 Rd8 24. Qc2 Rd4 25. Ne1 Rb4 26. f3 Qb6+ 27. Kh1 Rxb2 28. Qc1 Qf2 29. h3 Bc5 30. Kh2 Qg1+ 31. Kg3 Bf2+ 32. Kg4 h5+ 33. Kg5 f6# 0-1